Cogmind - Beta 15 @@@ ROGUE MODE // 2025.07.19 @ 00:59:38 Player: chebyrekser Result: Destroyed by 3S-NKG(R) with Subdweller Machine Gun Performance ------------- Evolutions (0) 0 Regions Visited (2) 400 Robots Destroyed (25) 125 Value Destroyed (721) 721 Prototype IDs (2) 40 Alien Tech Used (0) 0 Bonus (0) 0 TOTAL SCORE: 1286 Bonus ------- None Cogmind --------- Core Integrity 0/250 Matter 96/300 Energy 115/125 System Corruption 1% Temperature Cool (0) Movement Treading (240) Ox1 Location -10/Subcaves Parts ------- > --- POWER (1) -------- Light Ion Engine > --- PROPULSION (2) --- Light Treads Light Treads > --- UTILITY (2) ------ High-capacity Storage Unit Structural Scanner > --- WEAPON (2) ------- Subdweller Laser Light Assault Rifle > --- INVENTORY (20) --- Subdweller Power Source Light Treads Aluminum Leg Compact Wheel Heat Sink Heat Sink High-capacity Storage Unit Humpback High-capacity Battery (250) Structural Scanner Subdweller Optics Subdweller Optics Weapon Shielding Medium Laser Medium Laser Shrapnel Trap Peak State ------------ > --- POWER ------------ Light Ion Engine > --- PROPULSION ------- Light Treads Light Treads > --- UTILITY ---------- High-capacity Storage Unit Structural Scanner > --- WEAPON ----------- Subdweller Laser Light Assault Rifle > --- INVENTORY -------- Subdweller Power Source Light Treads Aluminum Leg Compact Wheel Heat Sink Heat Sink High-capacity Storage Unit Humpback High-capacity Battery Structural Scanner Subdweller Optics Subdweller Optics Weapon Shielding Medium Laser Medium Laser Shrapnel Trap [Rating: 10] Favorites ----------- Power Ion Engine Engine Ion Engine Propulsion Light Treads Treads Light Treads Utility High-capacity Storage Unit Device Seismic Detector Storage High-capacity Storage Unit Weapon Light Cannon Energy Gun EM Pulse Gun Ballistic Gun Light Assault Rifle Ballistic Cannon Light Cannon Build | -11 -10 -10 ------- Run | Yrd Mat Sub Slots Evolved . | . . . Power . | . . . Propulsion . | . . . Utility . | . . . Weapon . | . . . Parts Attached 19 | 8 3 8 Power 2 | 1 . 1 Engine 2 | 1 . 1 Core . | . . . Reactor . | . . . Propulsion 5 | 2 . 3 Treads 5 | 2 . 3 Leg . | . . . Wheel . | . . . Hover . | . . . Flight . | . . . Utility 4 | 2 1 1 Device 2 | 1 . 1 Storage 2 | 1 1 . Processor . | . . . Hackware . | . . . Protection . | . . . Artifact . | . . . Weapon 8 | 3 2 3 Energy Gun 5 | 3 . 2 Energy Cannon . | . . . Ballistic Gun 1 | . . 1 Ballistic Cannon 2 | . 2 . Launcher . | . . . Special Weapon . | . . . Impact Weapon . | . . . Slashing Weapon . | . . . Piercing Weapon . | . . . Special Melee Weapon . | . . . Unidentified Prototypes . | . . . Parts Lost 9 | . 1 8 Power 1 | . . 1 Propulsion 3 | . . 3 Utility 1 | . . 1 Weapon 4 | . 1 3 Highest Loss Streak 5 | . 1 5 To Critical Strikes . | . . . Average Backups 14 | 4 14 16 Power . | . 1 . Propulsion 4 | 2 5 4 Utility 5 | . 4 7 Weapon 3 | 1 3 2 Tool/Special . | . . . Unused Backups 14 | . 1 13 Power 1 | . . 1 Propulsion 4 | . 1 3 Utility 9 | . . 9 Weapon . | . . . Tool/Special . | . . . Average Slot Usage (%) 99 | . 99 99 Engine 13 | . 14 13 Treads 27 | . 28 27 Device 13 | . 14 13 Storage 14 | . 14 14 Energy Gun 12 | . 16 6 Ballistic Gun 3 | . . 7 Ballistic Cannon 12 | . 11 13 Peak Build Rating 10 | 7 8 10 Average Rating 8 | 4 7 8 On Entrance 5 | . 7 8 Naked Turns . | . . . Heaviest Build 52 | 15 52 52 Greatest Support 40 | 40 40 40 Greatest Overweight (x) 1 | . 1 1 Average Overweight (x) . | . . 1 Largest Inventory Capacity 20 | 8 20 20 Average Capacity 19 | 7 19 20 Most Carried 19 | 6 18 19 Average Carried 15 | 4 14 16 Final Capacity 20 | 8 20 20 Final Carried 18 | 5 18 17 Class Distribution -------------------- 100% | Mutant Dominant Class ---------------- Mutant | -10/Materials Mutant | -10/Subcaves Resources | -11 -10 -10 ----------- Run | Yrd Mat Sub Matter Collected 571 | 172 282 117 Remotely . | . . . Salvage Created 760 | 27 646 87 Parts 50 | 4 42 4 Haulers Intercepted . | . . . Recyclers Shooed . | . . . Parts Field Recycled . | . . . Retrieved Matter . | . . . Parts Self-Destructed 13 | . . 13 Prevented . | . . . Kills | -11 -10 -10 ------- Run | Yrd Mat Sub Combat Hostiles Destroyed 19 | . 14 5 Guns 9 | . 6 3 Cannons 10 | . 8 2 Classes Destroyed 6 | 1 4 1 Tunneler 2 | 1 1 . Recycler 1 | . 1 . Watcher 3 | . 3 . Swarmer 3 | . 3 . Grunt 11 | . 11 . Subdweller 5 | . . 5 Best Kill Streak 3 | 1 3 2 Combat Bots Only 3 | . 3 2 Max Kills in Single Turn 2 | 1 2 1 Gunslinging . | . . . Exploded . | . . . Melee . | . . . Uniques/NPCs Destroyed . | . . . Combat | -11 -10 -10 -------- Run | Yrd Mat Sub Hostile Shots Fired 126 | . 46 80 Missed 43 | . 17 26 Hits 83 | . 29 54 Projectile 83 | . 29 54 Critical Strikes 6 | . 3 3 Damage Taken 1563 | . 374 1189 Core 256 | . 98 158 Absorbed by Shields . | . . . Core Remaining (%) 100 | 100 . . Volleys Fired 105 | 1 50 54 Largest 2 | 2 2 2 Hottest 90 | 90 90 85 Shots Fired 195 | 2 95 98 Gun 98 | 2 56 40 Cannon 97 | . 39 58 Launcher . | . . . Special . | . . . Kinetic 117 | . 39 78 Thermal 36 | 1 15 20 Explosive . | . . . Electromagnetic 42 | 1 41 . Robot Hit Streak 27 | 1 6 27 Robot Miss Streak 4 | . 4 2 Penetration Max . | . . . Secondary Targets . | . . . Shots Hit Robots 135 | 1 56 78 Core Hits 40 | 1 27 12 Critical Kills 1 | . . 1 Critical Parts Destroyed . | . . . Critical Strikes 5 | . 2 3 Burn 1 | . . 1 Destroy 2 | . . 2 Blast 1 | . 1 . Corrupt 1 | . 1 . Melee Attacks . | . . . Impact . | . . . Slashing . | . . . Piercing . | . . . Sneak Attacks . | . . . Combat Hostiles . | . . . Follow-up Attacks . | . . . Damage Inflicted 1598 | 12 957 629 Guns 700 | 12 446 242 Cannons 812 | . 425 387 Explosions 86 | . 86 . Melee . | . . . Ramming . | . . . Kinetic 911 | . 425 486 Thermal 340 | . 197 143 Explosive . | . . . Electromagnetic 347 | 12 335 . Impact . | . . . Slashing . | . . . Piercing . | . . . Highest Corruption 1 | . 1 1 Average Corruption 1 | . 1 1 Corruption Purged . | . . . Corruption Blocked . | . . . Effects 5 | . 1 4 Message Errors 1 | . . 1 Matter Fused 1 | . . 1 Heat Flow Errors 1 | . 1 . Energy Discharges 2 | . . 2 Overload Shots . | . . . Overflow Damage . | . . . Projectiles . | . . . Explosions . | . . . Melee . | . . . Knockbacks 9 | . 2 7 Impact . | . . . Kinetic 8 | . 2 6 Secondary 1 | . . 1 Self-Inflicted Damage 12 | . 12 . Shots 1 | . 1 . Rammed . | . . . Targets Rammed . | . . . Kicked . | . . . Crushed . | . . . Highest Temperature 309 | 30 309 32 Average Temperature 69 | 18 73 12 Received Heat Transfer 591 | . 240 351 Effects 3 | . 3 . Interference 3 | . 3 . Siege Activations . | . . . Martial Activations . | . . . Shielding Activations . | . . . Robots Disrupted . | . . . Combat Hostiles . | . . . Robots Corrupted . | . . . Combat Hostiles . | . . . Parts Fried . | . . . Impact Corruptions . | . . . Robots Melted . | . . . Combat Hostiles . | . . . Parts Melted . | . . . Heat Transferred 765 | . 333 432 Parts Sabotaged . | . . . Parts Stolen . | . . . Parts Stripped . | . . . Power Chain Reactions 1 | . 1 . Alert | -11 -10 -10 ------- Run | Yrd Mat Sub Maximum Alert Level . | . . . Low Security (%) 100 | 100 100 . Level 1 . | . . . Level 2 . | . . . Level 3 . | . . . Level 4 . | . . . Level 5 . | . . . High Security . | . . . Max Security . | . . . Peak Influence 155 | 5 155 . Initial . | . . . Average 60 | . 64 . Influence Increases 490 | 5 485 . Destroy 0b10 Robot/C 280 | . 280 . Destroy 0b10 Robot/NC 30 | 5 25 . Destroy Leader 76 | . 76 . Successful Hack 24 | . 24 . Disable Machine 15 | . 15 . Destroy Structure 5 | . 5 . Lose Combat Pursuer 60 | . 60 . Influence Decreases 490 | 5 378 107 Entered New Map 52 | . . 52 Time Decay 428 | 5 368 55 Lost Part 10 | . 10 . Squads Dispatched 3 | . 3 . Investigation 2 | . 2 . Extermination . | . . . Reinforcement 1 | . 1 . Assault . | . . . Garrison . | . . . Intercept . | . . . Searches Triggered . | . . . Construction Impeded . | . . . Haulers Reinforced . | . . . Active Scanning Responses . | . . . Cargo Convoy Interrupts . | . . . Stealth | -11 -10 -10 --------- Run | Yrd Mat Sub Distress Signals . | . . . Communications Jammed . | . . . Distress Signals . | . . . Times Spotted 31 | . 24 7 Peak Tracking Total 4 | . 4 2 Tactical Retreats 3 | . 3 . Traps | -11 -10 -10 ------- Run | Yrd Mat Sub Traps Triggered 1 | . 1 . Indirectly . | . . . Trap Hack Attempts . | . . . Triggered . | . . . Disarmed . | . . . Reprogrammed . | . . . Reused . | . . . Traps Extracted . | . . . Installed . | . . . Triggered . | . . . Most Traps Carried 1 | . . 1 Machines | -11 -10 -10 ---------- Run | Yrd Mat Sub Machines Disabled 1 | . 1 . Max in Single Turn 1 | . 1 . Machines Repaired . | . . . Machines Dismantled . | . . . Machines Sabotaged . | . . . Overloaded Fab Kills . | . . . Hacking | -11 -10 -10 --------- Run | Yrd Mat Sub Machines Accessed 5 | . 5 . Terminals 5 | . 5 . Fabricators . | . . . Repair Stations . | . . . Recycling Units . | . . . Scanalyzers . | . . . Garrison Access . | . . . Total Hacks 13 | . 13 . Successful 5 | . 5 . Failed 8 | . 8 . Catastrophic 2 | . 2 . Database Lockouts . | . . . Manual 12 | . 12 . Terminals 13 | . 13 . Fabricators . | . . . Repair Stations . | . . . Recycling Units . | . . . Scanalyzers . | . . . Garrison Access . | . . . Terminal Hacks 2 | . 2 . Prototype ID Bank 1 | . 1 . Terminal Index 1 | . 1 . Fabricator Hacks . | . . . Repair Station Hacks . | . . . Recycling Unit Hacks . | . . . Scanalyzer . | . . . Garrison Access Hacks . | . . . Unauthorized Hacks 3 | . 3 . Terminals 3 | . 3 . Botnet 3 | . 3 . Fabricators . | . . . Repair Stations . | . . . Recycling Units . | . . . Scanalyzers . | . . . Garrison Access . | . . . Data Cores Recovered . | . . . Used . | . . . Hacking Detections 5 | . 5 . Full Trace Events 1 | . 1 . Feedback Events 1 | . 1 . Corruption 1 | . 1 . Feedback Blocked . | . . . Robot Schematics Acquired . | . . . Robots Built . | . . . Authchips . | . . . Time . | . . . Total Robot Build Rating . | . . . Part Schematics Acquired . | . . . Parts Built . | . . . Authchips . | . . . Time . | . . . Total Part Build Rating . | . . . Parts Repaired . | . . . Time . | . . . Parts Recycled . | . . . Recycled Matter . | . . . Retrieved Matter . | . . . Retrieved Components . | . . . Parts Scanalyzed . | . . . Part Schematics Acquired . | . . . Parts Damaged . | . . . Bothacking | -11 -10 -10 ------------ Run | Yrd Mat Sub Used RIF Installer . | . . . Robots Hacked . | . . . Non-combat . | . . . Combat . | . . . Robot Hacks Applied . | . . . Relay Couplers Released . | . . . Fabnet Peak Effective % . | . . . Robots Rewired . | . . . Allies Hacked . | . . . Hacks Repelled . | . . . Allies | -11 -10 -10 -------- Run | Yrd Mat Sub Total Allies . | . . . Largest Group . | . . . Highest-Rated Group . | . . . Highest-Rated Ally . | . . . Total Orders . | . . . Ally Attacks . | . . . Total Damage . | . . . Kills . | . . . Allies Corrupted . | . . . Allies Melted . | . . . Intel | -11 -10 -10 ------- Run | Yrd Mat Sub Active Infowar (turns) 2832 | 14 1652 1166 Structural 809 | . . 809 Seismic 2023 | 14 1652 357 Robot Analysis Total . | . . . Derelict Logs Recovered 2 | . . 2 Drone Launches . | . . . Drone Recoveries . | . . . Exploration | -11 -10 -10 ------------- Run | Yrd Mat Sub Turns Passed 2984 | 112 1667 1205 Spaces Moved 1040 | 63 559 418 Core 11 | 11 . . Treads 1029 | 52 559 418 Legs . | . . . Wheels . | . . . Hover . | . . . Flight . | . . . Fastest Speed 50 | 50 160 240 Average Speed 228 | 140 230 240 Slowest Speed 240 | 160 240 240 Overloaded Moves . | . . . Propulsion Burnouts . | . . . Robots Hopped . | . . . Potential Cave-ins . | . . . Cave-ins Triggered . | . . . Exploration Rate (%) 38 | 5 81 29 Regions Visited 2 Branch Regions 1 Pre-discovered Areas . | . . . Known Exits Taken . | . . . Unknown Exits Taken 2 | 1 1 . Scrap Searched . | . . . Spaces Dug . | . . . Terrain Destroyed 3 | . 3 . Melee . | . . . Projectile . | . . . AOE 3 | . 3 . Terrain Rammed . | . . . Walls Destroyed . | . . . Machines Disabled . | . . . Actions | -11 -10 -10 --------- Run | Yrd Mat Sub Total 1454 | 83 843 528 Wait 253 | 2 214 37 Move 1038 | 62 558 418 Hop . | . . . Pick Up 34 | 10 16 8 Fast Attach 2 | 2 . . Attach 14 | 5 1 8 Detach . | . . . Swap 4 | 1 2 1 Drop 4 | . 2 2 Fire 105 | 1 50 54 Melee . | . . . Ram . | . . . Kick . | . . . Crush . | . . . Escape Stasis . | . . . Rewire . | . . . Trap . | . . . Miscellaneous . | . . . Route ------- -11/Scrapyard -10/Materials (discovered 5 exits: [*Mat x3] / [*Min] / [*Sub]) -10/Subcaves (discovered 1 exit: [*Mat]) History --------- Turn | Location | Event 16 | -11/Scrapyard | Discovered new exit (range 15) 113 | -11/Scrapyard | Entered Materials 315 | -10/Materials | Build established: Mutant 324 | -10/Materials | Discovered new exit (range 8) 721 | -10/Materials | Discovered new exit (range 8) 1249 | -10/Materials | Discovered new exit (range 8) 1299 | -10/Materials | Discovered new exit (range 5) 1762 | -10/Materials | Discovered new exit (range 5) 1780 | -10/Materials | Entered Subcaves 1781 | -10/Subcaves | Approached by a straggling Scientist 1788 | -10/Subcaves | Learned Materials garrison access intel 2064 | -10/Subcaves | Shifting Twisted Machinery released Sub. Optics 2134 | -10/Subcaves | Core integrity fell below 50% 2151 | -10/Subcaves | Discovered new exit (range 15) 2155 | -10/Subcaves | Shifting Twisted Machinery released Sub. Optics 2348 | -10/Subcaves | Core integrity fell below 20% 2370 | -10/Subcaves | Learned 8 Materials zone layouts 2447 | -10/Subcaves | Lost 5 parts (1p2n2w) 2692 | -10/Subcaves | A swath of the cavern ceiling suddenly collapsed 2985 | -10/Subcaves | Destroyed by 3S-NKG(R) with Subdweller Machine Gun Last Messages --------------- Acquired 32 matter. CD-0TG(R): "OHNO!" CD-0TG(R) suffers critical hit (Destroy). CD-0TG(R) destroyed. Acquired 31 matter. Subatomizers dissect the Sub. Power Source. Acquired Sub. Power Source. Acquired Sub. Laser. Acquired Humpback. Subatomizers dissect the Sub. Optics. Acquired Sub. Optics. Acquired Shrapnel Trap. Acquired Scrap Shield Fragment. Dropped Scrap Shield Fragment. Acquired 1 matter. System corrupted: Energy discharge (-40). A swath of the cavern ceiling suddenly collapses. System corrupted: Matter fused (-7). System corrupted: Energy discharge (-50). Map ----- +----------------------------------------------------+ | #### # ##????????????????????????????????????? | | #"" ## ##????????????????????????????????????? | | ### ###???????????????????????????????????? | | # ##### ###???????????????????????????????????? | | ####### ##???????????????????????????????????? | | ####### ##???????????????????????????????????? | | ###??## ###???????????????????????????????????? | | ##??##### ###???????????????????????????????????? | | ##??#####" ##???????????????????????????????????? | | ##??## "# ###???????????????????????????????????? | | ###??###"#"####??????????????????????????????????? | | ###??######"###??????????????????????????????????? | | #????##""""""##??????????????????????????????????? | | ?????###"""####??????????????????????????????????? | | ?????##"#"#"#####????????????????????????????????? | | ?????##""#########???????????????????????????????? | | ?????#### ##### ##???????????????????????????????? | | ?????####""### ???????????????????????????????? | | ??????#### ### ???????????????????????????????? | | ??????####""## ##???????????????????????????????? | | ?????######"#" #####????????????????????????????? | | ???#####"# #### #######??????????????????????????? | | ???####""#"##; ## #########?????????????????????? | | ???## ##"""#; #######?????????????????????? | | ???## #"; ##### ??? ??????????? | | ???### " @##### ?????????? | | ###### ! ##????????????? | | ###### R ##????????????? | | ## ### #### ##????????????? | | # ########## #????????????? | | ## ## #######????????????????? | | ## ### ###????????????????? | | ### ### ##????????????????? | | ### ### ## ## ##????????????????? | | ?### ### ### #### ## ##????????????????? | | ?### ## ### ##### #####????????????????? | | ??### ### ##### ## ####????????????????? | | #?### #### ##### ##### ?????????????? | | #??### #### #### ######?????????????? | | #?###### ### ## ######?????????? | | ##### # # ### #######????????? | | #### # ###### ### ###????????? | | ### ## ####### ## ##????????? | | ## ### ## ## ##????????? | | ##### ## ## ##????????? | | ######## ## ###????????? | | # ## ########### ### ##### ########????????? | | ##########????##########################?????????? | | ########???????##########?#########??????????????? | | ?????????????????????????????????????????????????? | +----------------------------------------------------+ Best States ------------- Heat Dissipation 25 Energy Generation 10 Energy Capacity 250 Matter Stores 300 Matter Capacity 300 Sight Range 16 Terrain Scan Density 10 Evasion (%) 50 Recoil Reduction 2 Item Schematics ----------------- None Robot Schematics ------------------ None Fabricated ------------ Nothing Repaired ---------- Nothing Alien Tech Used ----------------- None Achievements -------------- None Challenges ------------ None Game ------ Seed HellfireLauncherTube Manual? 0 Play Time 00:13:47 Cumulative 17.5 hours Start 2025.07.19 @ 00:46:46 End 2025.07.19 @ 00:59:38 Sessions 1 Manual Loads 0 Difficulty Rogue Special Mode None Game No. 11 Rogue 11 Adventurer 0 Explorer 0 Win Type - Total 1 Types 1/0/0/0/0/0/0/0/0/0 Lore% 35 Gallery% 23 Achievement% 28 Wizard Run 0 Options --------- Layout 1 ASCII 0 Keyboard 0 Movement Mouse Keybinds 0 Fullscreen 1 Font 24/Smallcaps Map View 50x35 Zoom Use 0% Tactical HUD 0 Map Filters NONE Filters NONE Steam 1 RUN: 3646669e-cf49-49fb-9f37-a21b80927126